 Dungeon Crawl Stone Soup version 0.29.1-12-g30fa7ad0bf (webtiles) character file.

Game seed: 7346939564989015034

99920 croobank the Tortoise (level 15, -4/137 (144) HPs)
             Began as a Minotaur Fighter on Dec 24, 2022.
             Was a High Priest of Qazlal.
             Slain by a broodmother (29 damage)
             ... on level 3 of the Spider Nest.
             The game lasted 01:13:18 (30061 turns).

croobank the Tortoise (Minotaur Fighter)           Turns: 30061, Time: 01:13:19

HP:   -4/137 (144)  AC: 23    Str: 33    XL:     15   Next: 79%
MP:   11/23         EV:  9    Int:  5    God:    Qazlal [*****.]
Gold: 1566          SH: 20    Dex: 10    Spells: 13/14 levels left

rFire   + . .      SeeInvis .   w - +1 broad axe (flame)
rCold   + + .      Faith    .   t - +0 kite shield
rNeg    . . .      Spirit   .   K - +1 scale mail {rPois}
rPois   +          Reflect  .   (helmet unavailable)
rElec   .          Harm     .   T - +2 cloak {rPois}
rCorr   .          Rampage  .   u - +1 pair of gloves {infuse}
Will    +....                   M - +1 pair of boots "Jaumosua" {+Blink rC+ Str+5}
Stlth   ..........              s - amulet of the acrobat
HPRegen 0.32/turn               C - ring of protection from cold
MPRegen 0.18/turn               y - ring of protection from fire

@: protected from physical damage, lightly drained, repel missiles
A: horns 3, retaliatory headbutt, screaming 1
a: Renounce Religion, Evoke Blink, Upheaval, Elemental Force, Disaster Area


You were on level 3 of the Spider Nest.
You worshipped Qazlal.
Qazlal was extremely pleased with you.
You visited 5 branches of the dungeon, and saw 26 of its levels.

You collected 2497 gold pieces.
You spent 931 gold pieces at shops.

Inventory:

Hand Weapons
 a - a +4 war axe of flaming
 w - a +1 broad axe of flaming (weapon)
 z - a +4 great sword
Missiles
 q - 3 silver javelins
 B - 4 atropa-tipped darts (quivered)
 J - a throwing net
Armour
 t - a +0 kite shield (worn)
 u - a +1 pair of gloves of infusion (worn)
 D - a +3 buckler
 K - a +1 scale mail of poison resistance (worn)
 L - a +2 scale mail of willpower
 M - the +1 pair of boots "Jaumosua" (worn) {+Blink rC+ Str+5}
   (You bought it in a shop on level 1 of the Dungeon)

   Str:       It affects your strength (+5).
   rC:        It protects you from cold.
   +Blink:    It lets you blink.
 T - a +2 cloak of poison resistance (worn)
Jewellery
 r - a ring of protection from cold
 s - an amulet of the acrobat (around neck)
 x - a ring of flight
 y - a ring of protection from fire (right hand)
 A - a +6 ring of strength
 C - a ring of protection from cold (left hand)
 G - a +6 ring of dexterity
 O - a ring of see invisible
 Y - a ring of fire
 Z - a +6 ring of dexterity
Wands
 f - a wand of mindburst (7)
 l - a wand of roots (2)
 E - a wand of digging (10)
 I - a wand of paralysis (8)
 P - a wand of flame (24)
 S - a wand of polymorph (6)
Scrolls
 b - 6 scrolls of teleportation
 g - 8 scrolls of blinking
 p - 3 scrolls of summoning
 v - 5 scrolls of fog
 F - 2 scrolls of silence
 H - 3 scrolls of vulnerability
 R - 4 scrolls of fear
 U - 3 scrolls of magic mapping
 V - 4 scrolls of poison
 W - 4 scrolls of amnesia
 X - 10 scrolls of identify
Potions
 c - 2 potions of ambrosia
 d - 3 potions of might
 e - 4 potions of brilliance
 h - 3 potions of resistance
 i - 5 potions of lignification
 j - 2 potions of heal wounds
 k - a potion of berserk rage
 m - a potion of attraction
 n - 8 potions of curing
 o - 6 potions of flight
 N - 2 potions of cancellation
 Q - a potion of haste


   Skills:
 + Level 16.0 Fighting
 + Level 15.8 Axes
 + Level 16.1 Armour
 + Level 16.0 Shields
 + Level 12.1 Invocations


You had 13 spell levels left.
You knew the following spells:

 Your Spells              Type           Power      Damage    Failure   Level
a - Foxfire               Conj/Fire      0%         2x1d4     80%         1

Your spell library contained the following spells:

 Spells                   Type           Power      Damage    Failure   Level
 Sandblast                Erth           0%         2d4       80%         1
 Shock                    Conj/Air       0%         1d3       80%         1
 Sting                    Tmut/Pois      0%         1d3       80%         1
 Passwall                 Tmut/Erth      0%         N/A       91%         2
 Poisonous Vapours        Pois/Air       0%         N/A       91%         2
 Confusing Touch          Hex            0%         N/A       99%         3
 Conjure Flame            Conj/Fire      0%         6-21      99%         3
 Dazzling Flash           Conj/Hex       0%         N/A       99%         3
 Inner Flame              Hex/Fire       0%         N/A       99%         3
 Ozocubu's Armour         Ice            0%         N/A       99%         3
 Stone Arrow              Conj/Erth      0%         3d7       99%         3
 Swiftness                Air            0%         N/A       99%         3
 Airstrike                Air            0%         2d(0-16)  100%        4
 Flame Wave               Conj/Fire      0%         2d4       100%        4
 Olgreb's Toxic Radiance  Pois           0%         N/A       100%        4
 Agony                    Necr           0%         N/A       100%        5
 Blade Hands              Tmut           0%         N/A       100%        5
 Fireball                 Conj/Fire      0%         3d3       100%        5
 Irradiate                Conj/Tmut      0%         3d11      100%        5
 Iskenderun's Battlesphe  Conj           0%         2d6       100%        5
 Metabolic Englaciation   Hex/Ice        0%         N/A       100%        5
 Silence                  Hex/Air        0%         N/A       100%        5
 Yara's Violent Unravell  Hex/Tmut       0%         3d3       100%        5
 Conjure Ball Lightning   Conj/Air       0%         3x3d6     100%        6
 Simulacrum               Ice/Necr       0%         N/A       100%        6
 Dragon Form              Tmut           0%         N/A       100%        7
 Enfeeble                 Hex            0%         N/A       100%        7
 Orb of Destruction       Conj           0%         9d5       100%        7


Dungeon Overview and Level Annotations

Branches:
Dungeon (15/15)            Temple (1/1) D:7            Lair (5/5) D:8
 Shoals (0/4) Lair:2       Spider (3/4) Lair:3        Slime (0/5) Lair:5
    Orc (2/2) D:11            Elf (0/3) Orc:2        Vaults (0/5) D:14
 Depths (0/4) D:15

Altars:
Ashenzari
Cheibriados
Dithmenos
Elyvilon
Fedhas
Gozag
Hepliaklqana
Kikubaaqudgha
Makhleb
Nemelex Xobeh
Okawaru
Qazlal
Ru
Sif Muna
Trog
Uskayaw
Vehumet
Wu Jian
Xom
Yredelemnul
Zin
The Shining One
Jiyva

Shops:
D:1 !**[[   Orc:1 *   Orc:2 [[*:

Annotations:
D:2 1 runed translucent door, Crazy Yiuf
Lair:1 2 transporters, croobank's ghost, journeyman MiFi
Spider:2 1 runed translucent door, gdog's ghost, adept GnDe
Orc:1 3 runed translucent doors, exclusion: obsidian statue, Evvudong's ghost, journeyman SpEn


Innate Abilities, Weirdness & Mutations

You have a pair of large horns on your head.
You reflexively headbutt those who attack you in melee.
You occasionally shout uncontrollably at your foes.


Message History

The culicivora is severely wounded.
The blast of magma engulfs the tarantella!!
You kill the tarantella!
The tarantella's corpse disappears in a puff of smoke!
The blast of magma engulfs the wolf spider!!
The wolf spider is almost dead.
The blast of magma engulfs the broodmother!!!
The broodmother is moderately wounded.
The blast of magma engulfs the broodmother!!
The broodmother is moderately wounded.
The blast of rubble hits the wolf spider!!!
The wolf spider is severely wounded.
The cutting wind hits the orb spider!!
The orb spider is almost dead.
The blast of rubble hits the orb spider!!
You kill the orb spider!
Qazlal accepts your kill.
The blast of rubble hits the redback!!
You kill the redback!
Qazlal accepts your kill.
The blast of rubble hits the broodmother!!
The broodmother is heavily wounded.
The blast of rubble hits the tarantella!!
You kill the tarantella!
Qazlal accepts your kill.
The blast of rubble hits the tarantella!!!
You kill the tarantella!
Qazlal accepts your kill.
The blast of rubble hits the wolf spider!!
The wolf spider is severely wounded.
The wolf spider is healed somewhat.
A redback comes into view.
A tarantella comes into view.
You block the wolf spider's attack. The wolf spider bites you.
* * * LOW HITPOINT WARNING * * *
The broodmother summons a spider!
The jumping spider is struck by lightning.
You kill the jumping spider!
The jumping spider's corpse disappears in a puff of smoke!
The broodmother bites you!!
You die...

....... .s§§...
....§.. ...°...
# .....s. ##
##.# .≈≈^§§B
.#^.s..
.≈≈...§#B§s..ss
...≈.§s@s#
..#...ssss..§§#
#>...○°s§°.....
##.....#.......
##§.§. #####s.
#.... . ..§°^
##....


You could see 2 broodmothers, a radroach, 3 wolf spiders, an orb spider, 2
culicivoras, a pharaoh ant, 2 jumping spiders, a tarantella (wandering) and 3
redbacks.

Vanquished Creatures
  An emperor scorpion (Spider:2)
  A juggernaut zombie (D:15)
  An orc warlord (Orc:2)
  A juggernaut skeleton (D:15)
  Nessos (D:15)
  Azrael (D:14)
  2 entropy weavers
  Snorg (Orc:1)
  A yaktaur captain (D:14)
  7 hydras
  6 centaur warriors
  A jorogumo (Spider:1)
  A radroach (Spider:1)
  3 two-headed ogres
  A catoblepas (Lair:2)
  An orc high priest (Orc:2)
  A titan zombie (D:15)
  A fire crab (Lair:5)
  2 steelbarb worms
  A pharaoh ant (Spider:1)
  5 skeletal warriors
  3 orb spiders
  A flayed ghost (D:15)
  A wizard (D:13)
  2 orc knights
  12 wolf spiders
  2 lindwurms
  11 orc sorcerers
  4 deep elf pyromancers
  10 ugly things
  5 cyclopes
  4 manticores
  Maurice (D:9)
  A black mamba (shapeshifter) (D:15)
  4 elephants (Lair:5)
  2 black mambas (Lair:2)
  2 unseen horrors
  3 gargoyles
  3 torpor snails
  3 rime drakes
  2 yaktaurs (D:14)
  9 cane toads
  Psyche (D:9)
  5 komodo dragons
  9 demonic crawlers
  2 kobold demonologists
  7 trolls
  A blink frog (shapeshifter) (D:14)
  4 polar bears
  5 blink frogs (Lair:5)
  11 tarantellas
  4 hornets
  An ettin zombie (D:15)
  3 dream sheep (Lair:5)
  7 slime creatures
  A snapping turtle (Lair:2)
  5 culicivoras
  A shadow (D:12)
  20 spriggans
  6 jumping spiders (Spider:1)
  38 yaks
  A human (shapeshifter) (D:13)
  3 vampires
  4 fire elementals (D:14)
  3 basilisks
  7 wraiths (D:12)
  6 wyverns
  Grum (D:9)
  2 vampire mosquitoes (D:13)
  3 hogs
  18 redbacks
  Menkaure (D:6)
  9 wargs
  5 water moccasins
  3 hell hounds (D:14)
  3 ice beasts
  A sky beast (D:7)
  15 orc warriors
  4 black bears (Lair:5)
  2 ogres
  7 boggarts
  25 wolves
  16 centaurs
  A phantom (D:5)
  5 kobold brigands
  8 bullfrogs
  A necrophage (D:6)
  A scorpion (D:6)
  A gnoll sergeant (D:9)
  10 wights
  4 howler monkeys
  An electric eel (Spider:2)
  A lava snake (D:13)
  4 hounds
  5 orc priests
  A gnoll bouda (D:8)
  3 jellies
  Jessica (D:2)
  4 iguanas
  38 orc wizards
  8 gnolls
  7 adders
  3 shadow imps
  A white imp (D:7)
  A worm (D:4)
  A dart slug (D:1)
  98 orcs
  10 endoplasms
  3 giant cockroaches
  9 goblins
  3 hobgoblins
  2 jackals (D:2)
  33 kobolds
  2 quokkas (D:1)
  6 ball pythons
  6 bats
  5 frilled lizards
  7 rats
689 creatures vanquished.

Vanquished Creatures (collateral kills)
  Jorgrun (D:12)
  Kirke (D:14)
  Josephine (D:12)
  A rakshasa (D:12)
  A boulder beetle (D:12)
  A skeletal warrior (D:15)
  A necromancer (D:15)
7 creatures vanquished.

Vanquished Creatures (others)
  A centaur (D:14)
  An orc wizard (Orc:2)
  24 fungi
  23 plants
49 creatures vanquished.

Grand Total: 745 creatures vanquished

Notes
Turn   | Place    | Note
-------+----------+-------------------------------------------
     0 | D:1      | croobank the Minotaur Fighter began the quest for the Orb.
     0 | D:1      | Reached XP level 1. HP: 19/19 MP: 0/0
    31 | D:1      | Found Pin Keor's General Store.
   214 | D:1      | Found Gecimot's Armour Boutique.
   224 | D:1      | Reached XP level 2. HP: 22/27 MP: 1/1
   446 | D:1      | Found Qumybben's Assorted Antiques.
   616 | D:1      | Found Bikhlat's Distillery.
   754 | D:1      | Found Iryurag's Antique Armour Shop.
   873 | D:2      | Reached XP level 3. HP: 33/33 MP: 2/2
   935 | D:2      | Noticed Jessica
   940 | D:2      | Killed Jessica
  1075 | D:2      | Found a runed translucent door.
  1076 | D:2      | Noticed Crazy Yiuf
  1104 | D:2      | Found a faded altar of an unknown god.
  1106 | D:2      | Reached XP level 4. HP: 41/41 MP: 3/3
  2212 | D:3      | Learned a level 1 spell: Foxfire
  2374 | D:4      | Reached XP level 5. HP: 44/47 MP: 4/4
  2730 | D:4      | Reached skill level 5 in Fighting
  2730 | D:4      | Reached skill level 5 in Armour
  2730 | D:4      | Reached skill level 5 in Shields
  2737 | D:4      | Reached XP level 6. HP: 49/56 MP: 5/5
  3028 | D:5      | Entered Level 5 of the Dungeon
  3319 | D:5      | Reached skill level 5 in Axes
  3373 | D:5      | Reached XP level 7. HP: 61/62 MP: 6/6
  4746 | D:6      | Noticed Menkaure
  4759 | D:6      | Killed Menkaure
  4760 | D:6      | Reached XP level 8. HP: 19/71 MP: 7/7
  6010 | D:7      | Found a staircase to the Ecumenical Temple.
  6438 | Temple   | Entered the Ecumenical Temple
  6465 | Temple   | Became a worshipper of Qazlal Stormbringer
  6728 | D:7      | Reached XP level 9. HP: 80/80 MP: 8/8
  6860 | D:7      | Reached skill level 1 in Invocations
  7439 | D:8      | Found a staircase to the Lair.
  7440 | D:8      | Noticed a komodo dragon
  7451 | D:8      | Killed a komodo dragon
  7451 | D:8      | Reached * piety under Qazlal
  7728 | D:8      | Reached XP level 10. HP: 60/91 MP: 11/11
  8240 | D:9      | Noticed Psyche
  8242 | D:9      | Killed Psyche
  8256 | D:9      | Noticed a two-headed ogre
  8263 | D:9      | Killed a two-headed ogre
  8329 | D:9      | Noticed Grum
  8351 | D:9      | Killed Grum
  8821 | D:9      | Noticed Maurice
  8829 | D:9      | Killed Maurice
  8829 | D:9      | Reached ** piety under Qazlal
  8830 | D:9      | Reached skill level 10 in Fighting
  8830 | D:9      | Reached skill level 10 in Armour
  8830 | D:9      | Reached skill level 10 in Shields
  8838 | D:9      | Reached skill level 5 in Invocations
  9308 | D:10     | Entered Level 10 of the Dungeon
  9579 | D:10     | Found a radiant altar of Vehumet.
  9732 | D:10     | Noticed a two-headed ogre
  9736 | D:10     | Killed a two-headed ogre
  9737 | D:10     | Reached skill level 10 in Axes
  9737 | D:10     | Reached XP level 11. HP: 69/101 MP: 12/14
 10355 | D:10     | Noticed a soul eater
 10549 | D:11     | Noticed a skeletal warrior
 10561 | D:11     | Noticed a skeletal warrior
 10561 | D:11     | Noticed a skeletal warrior
 10561 | D:11     | Noticed a skeletal warrior
 11010 | D:11     | Found a staircase to the Orcish Mines.
 11184 | Lair:1   | Entered Level 1 of the Lair of Beasts
 11222 | Lair:1   | Noticed a seven-headed hydra
 11226 | Lair:1   | Noticed croobank's ghost (journeyman MiFi)
 11234 | Lair:1   | Killed a two-headed hydra
 11351 | Lair:1   | Found a transporter.
 11409 | Lair:1   | Found a transporter.
 12290 | Lair:2   | Gained mutation: You are weak. (Str -2) [potion of
                  | mutation]
 12290 | Lair:2   | Gained mutation: You are clumsy. (Dex -2) [potion of
                  | mutation]
 12290 | Lair:2   | Gained mutation: Your spells are a little harder to cast,
                  | but a little more powerful. [potion of mutation]
 12291 | Lair:2   | Lost mutation: Your spells are a little harder to cast, but
                  | a little more powerful. [potion of mutation]
 12291 | Lair:2   | Lost mutation: You are weak. (Str -2) [potion of mutation]
 12291 | Lair:2   | Gained mutation: Armour fits poorly on your strangely
                  | shaped body. [potion of mutation]
 12292 | Lair:2   | Lost mutation: You are clumsy. (Dex -2) [potion of
                  | mutation]
 12292 | Lair:2   | Lost mutation: Armour fits poorly on your strangely shaped
                  | body. [potion of mutation]
 12292 | Lair:2   | Gained mutation: You occasionally shout uncontrollably at
                  | your foes. [potion of mutation]
 12292 | Lair:2   | Gained mutation: You have a pair of large horns on your
                  | head. [potion of mutation]
 12482 | Lair:2   | Noticed a catoblepas
 12487 | Lair:2   | Killed a catoblepas
 13133 | D:1      | Bought the +1 pair of boots "Jaumosua" {+Blink rC+ Str+5}
                  | for 410 gold pieces
 13171 | D:1      | Bought a glowing buckler for 165 gold pieces
 13552 | Lair:2   | Reached XP level 12. HP: 106/110 MP: 16/16
 13621 | Lair:2   | Found a staircase to the Shoals.
 13931 | Lair:2   | Noticed a seven-headed hydra
 13942 | Lair:2   | Killed a one-headed hydra
 14443 | Lair:3   | Found a hole to the Spider Nest.
 14589 | Lair:3   | You fall into a shaft and drop 2 floors!
 14589 | Lair:5   | Entered Level 5 of the Lair of Beasts
 14612 | Lair:5   | Reached *** piety under Qazlal
 16341 | Lair:5   | Noticed a seven-headed hydra
 16348 | Lair:4   | Killed a four-headed hydra
 16738 | Lair:5   | Identified the +2 robe of Anaesthesia {-Tele Int+4 Dex+3}
 16884 | Lair:5   | Reached XP level 13. HP: 111/119 MP: 9/18
 17093 | Lair:5   | Reached **** piety under Qazlal
 17852 | Lair:5   | Found a viscous altar of Jiyva.
 17852 | Lair:5   | Found a staircase to the Slime Pits.
 18515 | D:11     | You fall into a shaft and drop 1 floor!
 18534 | D:12     | Noticed Jorgrun
 18541 | D:12     | Killed Jorgrun
 19013 | D:12     | Noticed Josephine
 19020 | D:12     | Killed Josephine
 19369 | D:12     | Found a blossoming altar of Fedhas.
 19901 | D:11     | Reached XP level 14. HP: 113/132 MP: 12/20
 20150 | Orc:1    | Entered Level 1 of the Orcish Mines
 20163 | D:11     | Reached skill level 10 in Invocations
 20303 | Orc:1    | Found a runed translucent gate.
 20303 | Orc:1    | Found a runed translucent gate.
 20303 | Orc:1    | Found a runed translucent gate.
 20307 | Orc:1    | Found an opulent altar of Gozag.
 20308 | Orc:1    | Noticed Snorg
 20319 | Orc:1    | Killed Snorg
 20329 | Orc:1    | Noticed Evvudong's ghost (journeyman SpEn)
 20443 | Orc:1    | Found Cegaudgh's Assorted Antiques.
 20505 | Orc:1    | Reached ***** piety under Qazlal
 20731 | Orc:2    | Entered Level 2 of the Orcish Mines
 20999 | Orc:2    | Found Fuona's Book Shoppe.
 20999 | Orc:2    | Found Wage's Assorted Antiques.
 21010 | Orc:2    | Bought a broad axe for 92 gold pieces
 21010 | Orc:2    | Bought a scroll of enchant weapon for 172 gold pieces
 21010 | Orc:2    | Bought a scroll of fog for 92 gold pieces
 21259 | Orc:2    | Found Juppiof's Antique Armour Shoppe.
 21260 | Orc:2    | Found Ritaar's Antique Armour Shop.
 21268 | Orc:2    | Noticed an orc warlord
 21291 | Orc:2    | Killed an orc warlord
 21484 | Orc:2    | Found a staircase to the Elven Halls.
 22645 | D:13     | Found a hide-covered altar of Uskayaw.
 23795 | D:14     | Reached skill level 15 in Armour
 23980 | D:14     | Reached skill level 15 in Shields
 23983 | D:14     | Reached ****** piety under Qazlal
 24062 | D:14     | Noticed Kirke
 24072 | D:14     | Killed Kirke
 24073 | D:14     | Reached skill level 15 in Fighting
 24109 | D:14     | Noticed Azrael
 24129 | D:14     | Killed Azrael
 24419 | D:14     | Found a gate to the Vaults.
 24570 | D:15     | Entered Level 15 of the Dungeon
 24578 | D:15     | Noticed Nessos
 24588 | D:15     | Killed Nessos
 24655 | D:15     | Found a staircase to the Depths.
 24666 | D:15     | Reached XP level 15. HP: 141/141 MP: 13/22
 24685 | D:15     | Reached skill level 15 in Axes
 26106 | Spider:1 | Entered Level 1 of the Spider Nest
 27519 | Spider:2 | Noticed gdog's ghost (adept GnDe)
 27519 | Spider:2 | Found a runed translucent door.
 27519 | Spider:2 | Found a shimmering altar of Xom.
 29558 | Spider:3 | Noticed an emperor scorpion
 29574 | Spider:2 | Killed an emperor scorpion
 30061 | Spider:3 | Slain by a broodmother

Illustrated notes

Levels and vault maps discovered:
D:1:      lightli_arrival_windingriver, layout_basic, serial_shops,
          nicolae_shop_trees, nicolae_shop_crystal, nicolae_lakefront_shop,
          nicolae_shop_behind_doors, shop, minmay_misc_feat_rows,
          dreamdust_mushroom_princess, hangedman_abyss_or_decor_stabs
D:2:      layout_basic, shapermc_ecumenical_altar_notcrosses, uniq_jessica,
          uniq_crazy_yiuf_cottage
D:3:      layout_rooms
D:4:      layout_loops_ring
D:5:      layout_basic
D:6:      layout_basic, uniq_menkaure
D:7:      layout_gridville, minmay_temple_entry_hall, grunt_ministairs_10
D:8:      layout_basic, david_lair_shrubbed, minmay_puff
D:9:      nicolae_cairo_tiling_very_big, layout_small_grid, minmay_holes,
          hangedman_decor_growths, uniq_maurice, uniq_psyche, uniq_grum
D:10:     layout_basic, vehumet_altar_wand_db
D:11:     layout_irregular_city, orc_0_dummy
D:12:     layout_basic, fedhas_altar_fruit_tree, uniq_jorgrun, uniq_josephine
D:13:     layout_loops_ring, hangedman_decor_lopped, nicolae_uskayaw_suspiria
D:14:     layout_long_grid, david_vaults_2, uniq_kirke, uniq_azrael
D:15:     gammafunk_depths_entry_grave, layout_long_grid,
          chequers_serial_rivers_room_b, uniq_nessos
Temple:   nicolae_temple_bog_church
Lair:1:   layout_chaotic_city, nzn_ghost_randoct
Lair:2:   kb_forest_paths, layout_loops_ring, minmay_shoals_entry_hut
Lair:3:   layout_chaotic_city, spider_nest_entry_a
Lair:4:   layout_regular_city
Lair:5:   minmay_lair_end_enchanted_forest, layout_misc_corridors,
          minmay_slime_entry_pillars, lemuel_fruit_fields
Spider:1: layout_chambers, hellmonk_narrow_tunnel
Spider:2: layout_spider_delve, ebering_ghost_xom
Spider:3: nicolae_spider_hilbert_zone_4 [nicolae_spider_hilbert_4_sides_2_open,
          nicolae_spider_hilbert_4_sides_1_open,
          nicolae_spider_hilbert_4_sides_1_open,
          nicolae_spider_hilbert_4_sides_1_open,
          nicolae_spider_hilbert_4_sides_1_open,
          nicolae_spider_hilbert_2_sides_1_open,
          nicolae_spider_hilbert_2_sides_1_open,
          nicolae_spider_hilbert_2_sides_1_open,
          nicolae_spider_hilbert_2_sides_1_open,
          nicolae_spider_hilbert_6_sides_1_open,
          nicolae_spider_hilbert_6_sides_1_open,
          nicolae_spider_hilbert_3_sides_1_open,
          nicolae_spider_hilbert_3_sides_1_open]
Orc:1:    layout_caves, ebering_ghost_gozag, uniq_snorg
Orc:2:    st_orc_town, layout_diamond_mine, nicolae_orc_damp_corner

Skill      XL: |  1  2  3  4  5  6  7  8  9 10 11 12 13 14 15 |
---------------+----------------------------------------------+-----
Armour         | 4 5 6 7 9 10 11 12 14 15 16 | 16.1
Shields        | 4 5 6 7 9 10 11 12 14 15 16 | 16.0
Fighting       | 4 5 6 7 9 10 11 12 14 15 16 | 16.0
Axes           | 3 4 5 6 7 8 10 11 12 13 14 15 | 15.8
Invocations    | 3 5 7 8 9 11 12 | 12.1

Action                   |  1- 3 |  4- 6 |  7- 9 | 10-12 | 13-15 || total
-------------------------+-------+-------+-------+-------+-------++-------
Melee: War axe           |    69 |   116 |   271 |   358 |   856 ||  1670
       Headbutt          |    10 |    20 |    51 |    91 |   189 ||   361
       Broad axe         |       |       |       |       |    14 ||    14
Throw: Dart              |       |       |     5 |     2 |       ||     7
Invok: Elemental Force   |       |       |       |       |     6 ||     6
       Disaster Area     |       |       |       |       |     2 ||     2
Evoke: Wand              |       |     1 |     1 |    32 |    21 ||    55
  Use: Scroll            |       |    12 |    15 |     3 |     9 ||    39
       Potion            |       |       |       |     4 |     5 ||     9
 Stab: Invisible         |       |       |     1 |     6 |       ||     7
       Paralysed         |       |       |       |     3 |     2 ||     5
       Distracted        |       |       |       |       |     1 ||     1
Armor: Scale mail        |    36 |    44 |    88 |   131 |   328 ||   627
Dodge: Dodged            |    29 |    42 |    85 |   151 |   346 ||   653
       Repelled          |       |       |       |       |     5 ||     5
Block: Buckler           |    19 |    36 |   117 |   221 |   774 ||  1167
       Kite shield       |       |       |       |       |    26 ||    26
